 Dungeon Crawl Stone Soup version 0.31-a0-851-g7ff8af7976 (webtiles) character file.

Game seed: 4706946566510906424

416 javelincjr the Sneak (level 6, -6/36 HPs)
             Began as an Octopode Hedge Wizard on Oct 6, 2023.
             Mangled by a wyvern (18 damage)
             ... on level 5 of the Dungeon.
             The game lasted 00:15:19 (4075 turns).

javelincjr the Sneak (Octopode Hedge Wizard)        Turns: 4075, Time: 00:15:20

Health: -6/36      AC:  1    Str: 10    XL:     6   Next: 92%
Magic:  11/12      EV: 13    Int: 18    God:
Gold:   191        SH:  0    Dex: 11    Spells: 6/13 levels left

rFire   . . .        f - +4 quarterstaff (chaos)
rCold   . . .        (shield currently unavailable)
rNeg    . . .        b - melded +1 hat
rPois   .            r - amulet of magic regeneration
rElec   .            n - ring of wizardry
rCorr   .            (no ring)
SInv    .            (no ring)
Will    .....        (no ring)
Stlth   ++++         (no ring)
HPRegen 0.26/turn    (no ring)
MPRegen 0.53/turn    (no ring)
                     (no ring)

%: wizardry (x1)
@: beast-form
A: beast (slay +0), almost no armour, amphibious, 8 rings, camouflage 1,
gelatinous body 1, (nimble swimmer 1), tentacles
a: Begin Untransformation


You were on level 5 of the Dungeon.
You were a hulking beast.
You visited 1 branch of the dungeon, and saw 5 of its levels.

You collected 191 gold pieces.

Inventory:

Hand Weapons
 a - a +0 dagger
 f - a +4 quarterstaff of chaos (weapon)
 l - a +0 dagger of venom
Missiles
 p - 5 poisoned darts
Armour
 b - a +1 hat (melded)
Jewellery
 n - a ring of wizardry (left tentacle)
 r - an amulet of magic regeneration (around mantle)
Talismans
 m - a beast talisman (active)
Wands
 q - a wand of flame (32)
Scrolls
 d - a scroll of poison
 e - a scroll of revelation
 h - a scroll of immolation
 k - a scroll of amnesia
 o - 2 scrolls of identify
Potions
 c - 2 potions of magic
 g - a potion of brilliance {unknown}
 i - a potion of invisibility
 j - a potion of curing {unknown}


   Skills:
 + Level 3.1 Dodging
 + Level 4.5 Stealth
 * Level 4.2 Spellcasting
 + Level 2.5 Conjurations
 + Level 2.4 Summonings
 + Level 2.6 Translocations
 + Level 1.4 Shapeshifting


You had 6 spell levels left.
You knew the following spells:

 Your Spells              Type           Power      Damage    Failure   Level
a - Magic Dart            Conj           52%        1d5       1%          1
b - Call Imp              Summ           24%        N/A       3%          2
c - Blink                 Tloc           26%        N/A       3%          2
d - Poisonous Vapours     Pois/Air       6%         N/A       9%          2

Your spell library contained the following spells:

 Spells                   Type           Power      Damage    Failure   Level
 Slow                     Hex            12%        N/A       6%          1
 Sting                    Tmut/Pois      12%        1d3       6%          1
 Cigotuvi's Dreadful Rot  Necr/Pois/Air  6%         N/A       9%          2
 Mephitic Cloud           Conj/Pois/Air  6%         N/A       12%         3
 Anguish                  Hex/Necr       1%         N/A       47%         4
 Cause Fear               Hex            1%         N/A       47%         4
 Olgreb's Toxic Radiance  Pois           3%         N/A       47%         4
 Enfeeble                 Hex            1%         N/A       100%        7


Dungeon Overview and Level Annotations

Branches:
Dungeon (5/15)
 Temple: D:4-7

Altars:
Zin

Shops:
D:2 [


Innate Abilities, Weirdness & Mutations

You are a hulking beast.
Your limbs bulge with bestial killing power. (Slay +0)
You cannot wear most types of armour.
You are amphibious.
You can wear up to eight rings at the same time.
Your skin changes colour to match your surroundings (Stealth+).
Your rubbery body absorbs attacks. (AC +1, EV +1)
((You are camouflaged when in or above water. (Stealth+)))
You have tentacles for arms and can constrict up to eight enemies at once.


Message History

Confirm with . or Enter, or press ? or * to list all spells.
Aiming: Poisonous Vapours (safe; 9% risk of failure)
Press: ? - help, Dir - move target, f - wyvern
Aim: a wyvern (asleep, ally target) Poisonous vapours surround the wyvern!
The wyvern is poisoned.
The wyvern hisses angrily.
Casting: Poisonous Vapours (safe; 9% risk of failure)
Confirm with . or Enter, or press ? or * to list all spells.
Aiming: Poisonous Vapours (safe; 9% risk of failure)
Press: ? - help, Dir - move target, f/p - wyvern
Aim: a wyvern (lightly wounded, poisoned, ally target) Poisonous vapours surround the wyvern!
The wyvern looks even sicker.
You swap places.
Your cerulean imp hits the wyvern from afar with a -3 spear.
You swap places.
Your cerulean imp hits the wyvern but does no damage.
The wyvern bites you!!
Ouch! That really hurt!
You closely miss the wyvern.
The wyvern is moderately wounded.
The wyvern barely misses you.
Your cerulean imp hits the wyvern from afar with a -3 spear.
The wyvern bites you.
Your cerulean imp hits the wyvern but does no damage.
You swap places.
The wyvern bites your cerulean imp.
Your cerulean imp hits the wyvern with a -3 spear.
The wyvern bites your cerulean imp!
Your cerulean imp dies!
Your cerulean imp disappears in a puff of smoke!
The wyvern closely misses you.
Casting: Poisonous Vapours (safe; 9% risk of failure)
Confirm with . or Enter, or press ? or * to list all spells.
A tiny devil pulls itself out of the air.
The wyvern bites you.
You hit the wyvern.
You squeeze the wyvern, but do no damage.
The wyvern is severely wounded.
The wyvern misses you. The wyvern bites you!!
Ouch! That really hurt!
You die...

#.####.# #...##.#
##..##.# ##....#
#.##.# #.##.#
#..#.# ##.#o##
#h#..#
.!####l#..###
......5o.....#
...####.#..#.....
#.#..####..
#.#..# # #.#..#
#.#... #.#....


You could see a wyvern (poisoned, ally target), an orc and a friendly cerulean
imp (summoned).

Vanquished Creatures
  An ogre (D:4)
  A scorpion (D:3)
  An orc priest (D:3)
  2 iguanas (D:4)
  7 adders
  3 worms
  10 orcs
  6 endoplasms
  3 giant cockroaches
  4 goblins
  3 hobgoblins
  9 jackals
  3 ball pythons
  5 bats
  3 frilled lizards
  5 kobolds
  7 rats
73 creatures vanquished.

Vanquished Creatures (collateral kills)
  Crazy Yiuf (D:4)
  An adder (D:3)
  An orc (D:3)
  2 endoplasms (D:3)
  A goblin (D:2)
  2 hobgoblins
  A kobold (D:4)
9 creatures vanquished.

Grand Total: 82 creatures vanquished

Notes
Turn   | Place    | Note
-------+----------+-------------------------------------------
     0 | D:1      | javelincjr the Octopode Hedge Wizard began the quest for
                  | the Orb.
     0 | D:1      | Reached XP level 1. HP: 11/11 MP: 4/4
   217 | D:1      | Reached XP level 2. HP: 17/17 MP: 0/6
   220 | D:1      | Learned a level 2 spell: Call Imp
   223 | D:1      | Learned a level 2 spell: Blink
   711 | D:2      | Found Toschiug's Antique Armour Shoppe.
   817 | D:2      | Reached XP level 3. HP: 21/21 MP: 1/7
  1216 | D:2      | Found a glowing silver altar of Zin.
  1553 | D:2      | Reached XP level 4. HP: 24/27 MP: 2/8
  1653 | D:3      | Noticed a scorpion
  1678 | D:3      | Killed a scorpion
  1679 | D:3      | Reached XP level 5. HP: 26/31 MP: 0/10
  2556 | D:3      | Reached skill level 1 in Shapeshifting
  2699 | D:3      | Reached XP level 6. HP: 31/36 MP: 9/11
  2967 | D:4      | Found a runed translucent door.
  2968 | D:4      | Noticed Crazy Yiuf
  2988 | D:4      | Killed Crazy Yiuf
  4033 | D:5      | Entered Level 5 of the Dungeon
  4037 | D:5      | Learned a level 2 spell: Poisonous Vapours
  4045 | D:5      | Noticed a wyvern
  4075 | D:5      | Mangled by a wyvern

Illustrated notes

Levels and vault maps discovered:
D:1:      tarquinn_simple_flora_water_f, layout_rooms
D:2:      layout_rooms, basic_altar, serial_shops, nicolae_diamond_shop
D:3:      layout_loops_corners, minmay_misc_feat_ornament
D:4:      layout_basic, uniq_crazy_yiuf_cottage
D:5:      layout_rooms, minmay_temple_entry_ruins

Skill      XL: |  1  2  3  4  5  6 |
---------------+-------------------+-----
Stealth        | 3 4 |  4.5
Translocations | 2 |  2.6
Conjurations   | 2 |  2.5
Summonings     | 2 |  2.4
Shapeshifting  | 1 |  1.4
Spellcasting   | 4 |  4.2
Dodging        | 3 |  3.1

Action                     |  1- 3 |  4- 6 || total
---------------------------+-------+-------++-------
  Melee: Dagger            |    27 |    63 ||    90
         Constrict         |     5 |    21 ||    26
         Tentacles         |     3 |    14 ||    17
         Punch             |       |     1 ||     1
         Quarterstaff      |       |    27 ||    27
   Cast: Magic Dart        |    65 |    22 ||    87
         Call Imp          |     8 |    29 ||    37
         Poisonous Vapours |       |     2 ||     2
    Use: Scroll            |       |     9 ||     9
   Stab: Sleeping          |       |     5 ||     5
 Armour: Skin              |     9 |    40 ||    49
  Dodge: Dodged            |    19 |    64 ||    83
   Form: Beast             |       |     1 ||     1

Table legend: (Time is in decaauts)
 A = Elapsed time spent in this place.
 B = Non-inter-level travel time spent in this place.
 C = Inter-level travel time spent in this place.
 D = Time resting spent in this place.
 E = Time spent auto-exploring this place.
 F = Levels seen in this place.
 G = Mean time per level.
                   A        B        C        D        E       F      G
               +--------+--------+--------+--------+--------+-----+--------+
         Total |   4080 |   4000 |     80 |    327 |   3001 |   5 |  816.0 |
       Dungeon |   4080 |   4000 |     80 |    327 |   3001 |   5 |  816.0 |
               +--------+--------+--------+--------+--------+-----+--------+

Top non-repeatable levels by time:
     D:3: 1414 daAuts
     D:4: 975 daAuts
     D:2: 962 daAuts
     D:1: 686 daAuts
     D:5: 42 daAuts
